 Dungeon Crawl Stone Soup version 0.18-a0-1308-g45b86c9 (webtiles) character file.

1071 RedPan the Spear-Bearer (level 8, -4/84 HPs)
             Began as a Merfolk Skald on Feb 13, 2016.
             Slain by a sky beast (6 damage)
             ... on level 4 of the Dungeon.
             The game lasted 00:17:04 (7474 turns).

RedPan the Spear-Bearer (Merfolk Skald)             Turns: 7474, Time: 00:17:04

Health: -4/84      AC: 24    Str: 13    XL:     8   Next: 28%
Magic:  3/11       EV:  2    Int: 11    God:
Gold:   235        SH:  0    Dex: 15    Spells: 3 memorised, 6 levels left

rFire  . . .     SeeInvis .     a - +0 spear
rCold  . . .     Gourm    .     (armour currently unavailable)
rNeg   + + +     Faith    .     (no shield)
rPois  +         Spirit   .     (helmet currently unavailable)
rElec  .         Dismiss  .     (cloak currently unavailable)
rCorr  .         Reflect  .     (gloves currently unavailable)
SustAt .         Harm     .     (boots currently unavailable)
MR     .....     NoTele   +     (no amulet)
Stlth  +.........               (no ring)
                                (no ring)

@: tree-form, infused, singing (expiring), not resistant to hostile
enchantments, very unstealthy
A: (change form in water), (swift swim)
a: Stop Singing


You were on level 4 of the Dungeon.
You were hungry.
You were a tree.
You visited 1 branch of the dungeon, and saw 5 of its levels.

You collected 235 gold pieces.

Inventory:

Hand Weapons
 a - a +0 spear (weapon)
Armour
 i - a +1 hat (melded)
 p - a +1 robe (melded)
 y - a +0 cloak (melded)
Jewellery
 j - an uncursed ring of ice
 v - an uncursed amulet of harm
Wands
 x - a wand of flame (8/48)
Scrolls
 m - 2 scrolls of remove curse
Potions
 k - a potion of flight
 o - a potion of brilliance
 r - a potion of lignification
Books
 c - a book of Battle

   Spells                             Type                      Level
   a - Infusion                       Charms                       1
   b - Shroud of Golubria             Charms/Translocation         2
   c - Song of Slaying                Charms                       2
   d - Spectral Weapon                Hexes/Charms                 3
   e - Regeneration                   Charms/Necromancy            3
Comestibles
 d - 3 bread rations
 h - 5 meat rations
 l - a slice of pizza
 n - a royal jelly


   Skills:
 - Level 2.1 Fighting
 + Level 10.0 Polearms
 - Level 0.6 Armour
 + Level 4.4 Dodging
 - Level 2.0 Spellcasting
 - Level 6.4 Charms
 - Level 2.0 Translocations


You had 6 spell levels left.
You knew the following spells:

 Your Spells              Type           Power        Failure   Level  Hunger
a - Infusion              Chrm           ###.         2%          1    ##.....
b - Song of Slaying       Chrm           ###.....     3%          2    ###....
c - Shroud of Golubria    Chrm/Tloc      ##........   10%         2    ###....


Dungeon Overview and Level Annotations

Branches:
Dungeon (5/15)
 Temple: D:4-7

Altars:
Kikubaaqudgha
Nemelex Xobeh
Vehumet

Shops:
D:4 !

Annotations:
D:5 Eustachio; KarvaRausku's ghost, amateur DrMo


Message History

The sky beast hits you but does no damage.
Evoke which item? (* to show all) (? for menu, Esc to quit)
Zapping:
x - a wand of flame {zapped: 15} (will waste charges)
Press: ? - help, Shift-Dir - straight line, f/p - sky beast
Aim: a sky beast (severely wounded)
The puff of flame hits the sky beast.
The sky beast is severely wounded.
Evoking this partially-identified wand wasted a few charges.
Your song is almost over.
The sky beast barely misses you.
Evoke which item? (* to show all) (? for menu, Esc to quit)
Zapping:
x - a wand of flame {zapped: 18} (will waste charges)
Press: ? - help, Shift-Dir - straight line, f/p - sky beast
Aim: a sky beast (severely wounded)
The puff of flame misses the sky beast.
Evoking this partially-identified wand wasted a few charges.
The sky beast hits you.
* * * LOW HITPOINT WARNING * * *
The sky beast shocks you.
You die...

################.# #.
...............#.#### #.
############........###### #[
........# #........'....# #.
........# #....(...####.# #.
........# #...........#.# #.
........# #.........#.#.#######.
........####.........#.#.#.....#.
...............#♣#'#.#.#.#.###.#.
........########Y#.#.#.#.#.# #.#.
..........#.#..#)#.#.......# #.#.
........#.#....#(#.###.#...# #.#.
....................>..#...###.#.
........#.#.#<.#.###)#.#.......#.
'#.#....#.####§#.# #.###.#.#####.
.#.#.#..#......#.# #.#.........#.
.#...#..#..##..#.# #.#.#.#.###.#.


You could see a sky beast.

Vanquished Creatures
  Edmund (D:4)
  2 ogres (D:4)
  A phantom (D:4)
  A centaur (D:5)
  2 killer bees (D:5)
  Crazy Yiuf (D:4)
  3 hounds
  4 orc wizards
  An orc priest (D:5)
  2 worker ants
  A hound skeleton (D:4)
  Robin (D:4)
  6 adders
  An adder skeleton (D:4)
  3 worms
  5 giant geckos
  23 orcs
  3 giant cockroaches
  15 goblins
  11 hobgoblins
  9 jackals
  3 quokkas
  A ball python (D:4)
  9 bats
  A giant gecko zombie (D:5)
  4 giant newts
  11 kobolds
  2 quokka skeletons (D:4)
  8 rats
135 creatures vanquished.

Notes
Turn   | Place    | Note
--------------------------------------------------------------
     0 | D:1      | RedPan the Merfolk Skald began the quest for the Orb.
     0 | D:1      | Reached XP level 1. HP: 16/16 MP: 3/3
   205 | D:1      | Reached XP level 2. HP: 17/22 MP: 0/5
   527 | D:1      | Reached skill level 4 in Polearms
   784 | D:2      | Reached XP level 3. HP: 12/27 MP: 6/6
  1230 | D:2      | Learned a level 2 spell: Song of Slaying
  1233 | D:2      | Learned a level 2 spell: Shroud of Golubria
  1786 | D:2      | Reached XP level 4. HP: 33/33 MP: 7/7
  2235 | D:3      | Reached skill level 5 in Polearms
  2448 | D:3      | Found a sparkling altar of Nemelex Xobeh.
  2579 | D:3      | Reached XP level 5. HP: 34/38 MP: 1/8
  2853 | D:3      | Reached skill level 5 in Charms
  2950 | D:3      | Reached skill level 6 in Polearms
  3434 | D:4      | Noticed Robin
  3458 | D:4      | Killed Robin
  3458 | D:4      | Reached XP level 6. HP: 33/44 MP: 7/9
  3518 | D:4      | Noticed a phantom
  3555 | D:4      | Killed a phantom
  3555 | D:4      | Reached skill level 7 in Polearms
  4656 | D:4      | Reached skill level 8 in Polearms
  4656 | D:4      | Reached skill level 1 in Translocations
  4656 | D:4      | Reached XP level 7. HP: 30/50 MP: 1/10
  4905 | D:4      | Found Nurex's Distillery.
  5047 | D:4      | Noticed Crazy Yiuf
  5062 | D:4      | Killed Crazy Yiuf
  5407 | D:5      | Entered Level 5 of the Dungeon
  5648 | D:5      | Found a radiant altar of Vehumet.
  5648 | D:5      | Found an ancient bone altar of Kikubaaqudgha.
  5648 | D:5      | Noticed Eustachio
  5658 | D:5      | HP: 2/50 [poisoned by a killer bee]
  6014 | D:5      | Reached skill level 9 in Polearms
  6118 | D:5      | Noticed KarvaRausku's ghost (amateur DrMo)
  6227 | D:5      | HP: 2/50 [KarvaRausku's ghost (13)]
  7101 | D:5      | Reached XP level 8. HP: 24/56 MP: 4/11
  7304 | D:5      | Noticed Edmund
  7465 | D:4      | Killed Edmund
  7468 | D:4      | HP: 2/84 [ogre/giant club (18)]
  7469 | D:4      | Reached skill level 10 in Polearms
  7474 | D:4      | HP: 2/84 [sky beast (1)]
  7474 | D:4      | Slain by a sky beast

Vault maps used:
D:1:      wheals_arrival_linesprint, minmay_misc_feat_square
D:3:      nemelex_xobeh_ov_fountains_minmay
D:4:      serial_shops, shop_statue, uniq_robin, uniq_crazy_yiuf_cottage
D:5:      lemuel_insect_pit, grunt_temple_overflow_open, first_bread,
          uniq_eustachio, uniq_edmund

Action                   |  1- 3 |  4- 6 |  7- 9 || total
-------------------------+-------+-------+-------++-------
Melee: Spear             |   170 |   263 |   301 ||   734
 Cast: Infusion          |     4 |    12 |    13 ||    29
       Song of Slaying   |       |     2 |     2 ||     4
       Shroud of Golubri |       |       |     4 ||     4
Evoke: Wand              |       |       |     8 ||     8
  Use: Scroll            |       |     7 |     6 ||    13
       Potion            |       |       |     6 ||     6
 Stab: Sleeping          |       |     2 |     3 ||     5
  Eat: Chunk             |     3 |    10 |     9 ||    22
